 Dungeon Sprint DCSS version 0.27-a0-1228-gfd60fd639a (webtiles) character file.

Game seed: 9024319374905197507

1250 mhtbhm the Martial Artist (level 8, -1/67 HPs)
             Began as a Merfolk Transmuter on June 7, 2021.
             Was a Follower of Sif Muna.
             Slain by Sonja
             ... wielding a +2 dagger of distortion
              (22 damage)
             ... in the Dungeon (Sprint I: "Red Sonja").
             The game lasted 00:01:21 (391 turns).

mhtbhm the Martial Artist (Merfolk Transmuter)       Turns: 391, Time: 00:01:22

Health: -1/67      AC:  6    Str: 12    XL:     8   Next: 50%
Magic:  15/18      EV: 13    Int: 13    God:    Sif Muna [*.....]
Gold:   421        SH:  0    Dex: 14    Spells: 6/21 levels left

rFire    x . .     SeeInvis .     - Unarmed
rCold    + + +     Faith    .   (shield currently unavailable)
rNeg     . . .     Spirit   .   (armour currently unavailable)
rPois    +         Reflect  .   (helmet currently unavailable)
rElec    .         Harm     .   (cloak currently unavailable)
rCorr    .         Rampage  .   (gloves currently unavailable)
Will     .....     NoTele   +   (boots currently unavailable)
Stlth    +++.......             (no amulet)
HPRegen  0.21/turn              (no ring)
MPRegen  0.16/turn              (no ring)

@: ice-form
A: freezing attack, boosted hp, large, (nimble swimmer 2), (mertail)
a: End Transformation, Renounce Religion, Channel Magic


You were in the Dungeon.
You worshipped Sif Muna.
Sif Muna was aware of your devotion.
You were a creature of crystalline ice.
You visited 1 branch You collected 421 gold pieces.

Inventory:

Armour
 a - a +0 robe (melded)
Scrolls
 h - a scroll of blinking
Potions
 b - a potion of experience {unknown}
 c - a potion of curing
 e - a potion of haste
 f - 2 potions of magic
 g - a potion of resistance {unknown}


   Skills:
 + Level 2.1 Fighting
 + Level 9.1 Dodging
 + Level 4.3 Stealth
 + Level 14.0 Unarmed Combat
 + Level 7.2 Spellcasting
 + Level 9.3 Transmutations


You had 6 spell levels left.
You knew the following spells:

 Your Spells              Type           Power      Damage    Failure   Level
a - Beastly Appendage     Tmut           58%        N/A       1%          1
b - Wereblood             Tmut           29%        N/A       1%          2
c - Spider Form           Tmut/Pois      8%         N/A       7%          3
d - Ice Form              Ice/Tmut       16%        N/A       22%         4
e - Hydra Form            Tmut           14%        N/A       9%          5

Your spell library contained the following spells:

 Spells                   Type           Power      Damage    Failure   Level


Dungeon Overview and Level Annotations

Branches:
Dungeon (1/1)

Altars:
Cheibriados
Dithmenos
Elyvilon
Fedhas
Gozag
Hepliaklqana
Kikubaaqudgha
Makhleb
Nemelex Xobeh
Okawaru
Qazlal
Ru
Sif Muna
Trog
Uskayaw
Vehumet
Wu Jian
Xom
Yredelemnul
Zin
The Shining One
Jiyva
Lugonu

Shops:
D :

Annotations:
D Sonja


Innate Abilities, Weirdness & Mutations

You are a creature of crystalline ice.
You have a powerful freezing melee attack.
Your maximum health is increased.
Your armour is entirely melded.
You are incapable of wielding weapons or throwing items.
((You are quick and stealthy near water. (Stealth+, EV+, Speed+++)))
((Your lower body shifts to a powerful aquatic tail in water.))


Message History

The spell is quite dangerous to cast (22% risk of failure)!
Continue anyway?
You turn into a creature of crystalline ice.
Your +0 robe melds into your body.
You open the door.
Sonja, the Graceful Assassin comes into view.
She is wielding a +2 dagger of distortion, quivering curare-tipped darts and carrying a wand of charming (10).
Found 108 gold pieces.
There is an open door here.
Sonja shouts!
Sonja completely misses you. Sonja hits you but does no damage.
Space bends around you.
Sonja hits you with a +2 dagger of distortion.
You barely miss Sonja.
Sonja zaps a wand.
You resist with some effort.
You punch Sonja! You freeze Sonja.
Sonja is heavily wounded.
Sonja hits you with a +2 dagger of distortion!
Space warps horribly around you! Sonja misses you.
Sonja hits you with a +2 dagger of distortion.
Space bends around you.
Unknown command.
You closely miss Sonja.
Sonja is heavily wounded.
Sonja barely misses you. Sonja hits you but does no damage.
Sonja completely misses you.
Unknown command.
You hit Sonja but do no damage.
Sonja is heavily wounded.
Sonja closely misses you.
Sonja hits you with a +2 dagger of distortion. x2
* * * LOW HITPOINT WARNING * * *
Unknown command.
You feel much better.
Sonja zaps a wand.
You resist with some effort. Sonja misses you. Sonja closely misses you.
Sonja hits you with a +2 dagger of distortion.
Space bends around you.
You closely miss Sonja.
Sonja is heavily wounded.
Sonja completely misses you.
Sonja hits you with a +2 dagger of distortion.
Space warps horribly around you!!
You die...

#..#####'#####'#__####...+
#..####..#...#.#### #####
#..#__####..##.#
#..#_____##'#_.+
#⌠⌠#_.∩..†'..._#
####_..__##_.#'#
#_____###'#.#
#########.###


+$Y$+ #$K$# ##.## #+# You could see Sonja.

Vanquished Creatures
  2 kobold demonologists (D)
  A slime creature (D)
  Sigmund (D)
  A yak (D)
  A floating eye (D)
  An ogre (D)
  A jelly (D)
  Ijyb (D)
9 creatures vanquished.

Notes
Turn   | Place    | Note
-------+----------+-------------------------------------------
     0 | D        | mhtbhm the Merfolk Transmuter began the quest for the Orb.
     0 | D        | Reached XP level 1. HP: 15/15 MP: 3/3
     3 | D        | Noticed Ijyb
     8 | D        | Killed Ijyb
     9 | D        | Reached skill level 5 in Unarmed Combat
     9 | D        | Reached XP level 2. HP: 21/21 MP: 2/5
     9 | D        | Reached XP level 3. HP: 26/26 MP: 2/7
    49 | D        | Learned a level 2 spell: Wereblood
    53 | D        | Learned a level 3 spell: Spider Form
    57 | D        | Noticed an ogre
    61 | D        | Killed an ogre
    62 | D        | Reached skill level 5 in Dodging
    62 | D        | Reached skill level 8 in Unarmed Combat
    62 | D        | Reached skill level 5 in Transmutations
    62 | D        | Reached XP level 4. HP: 32/32 MP: 2/9
   231 | D        | Learned a level 4 spell: Ice Form
   233 | D        | Noticed Sigmund
   236 | D        | Killed Sigmund
   237 | D        | Reached skill level 10 in Unarmed Combat
   237 | D        | Reached skill level 5 in Spellcasting
   237 | D        | Reached XP level 5. HP: 37/37 MP: 5/12
   237 | D        | Reached XP level 6. HP: 43/43 MP: 5/13
   252 | D        | Found an ornate altar of the Wu Jian Council.
   252 | D        | Found a shimmering blue altar of Sif Muna.
   254 | D        | Found a radiant altar of Vehumet.
   264 | D        | Found Kucyin's Book Emporium.
   264 | D        | Found an ancient bone altar of Kikubaaqudgha.
   264 | D        | Found a hazy altar of Hepliaklqana.
   264 | D        | Found a stormy altar of Qazlal.
   264 | D        | Found a hide-covered altar of Uskayaw.
   264 | D        | Found a blossoming altar of Fedhas.
   264 | D        | Found a bloodstained altar of Trog.
   264 | D        | Found an iron altar of Okawaru.
   264 | D        | Found a basalt altar of Yredelemnul.
   264 | D        | Found a glowing golden altar of the Shining One.
   264 | D        | Found a snail-covered altar of Cheibriados.
   264 | D        | Found a sacrificial altar of Ru.
   264 | D        | Found a glowing silver altar of Zin.
   264 | D        | Found a shadowy altar of Dithmenos.
   264 | D        | Found a white marble altar of Elyvilon.
   264 | D        | Noticed a yak
   265 | D        | Found an opulent altar of Gozag.
   268 | D        | Killed a yak
   269 | D        | Reached skill level 1 in Stealth
   269 | D        | Reached skill level 11 in Unarmed Combat
   269 | D        | Found a sparkling altar of Nemelex Xobeh.
   297 | D        | Became a worshipper of Sif Muna the Loreminder
   315 | D        | Learned a level 5 spell: Hydra Form
   316 | D        | Found a burning altar of Makhleb.
   316 | D        | Found a viscous altar of Jiyva.
   316 | D        | Found a shimmering altar of Xom.
   316 | D        | Found a corrupted altar of Lugonu.
   316 | D        | Noticed a slime creature
   323 | D        | Killed a slime creature
   324 | D        | Reached skill level 12 in Unarmed Combat
   324 | D        | Reached XP level 7. HP: 49/49 MP: 10/16
   331 | D        | Noticed a kobold demonologist
   332 | D        | Noticed a kobold demonologist
   336 | D        | Noticed an ice devil
   338 | D        | Noticed an ice devil
   338 | D        | Killed a kobold demonologist
   338 | D        | Reached * piety under Sif Muna
   339 | D        | Reached skill level 13 in Unarmed Combat
   339 | D        | Reached XP level 8. HP: 56/56 MP: 12/18
   339 | D        | Killed a kobold demonologist
   340 | D        | Reached skill level 14 in Unarmed Combat
   382 | D        | Noticed Sonja
   391 | D        | Slain by Sonja

Illustrated notes

Levels and vault maps discovered:
D:        dungeon_sprint_1 [red_sonja_temple_1, red_sonja_temple_small_1]

Skill      XL: |  1  2  3  4  5  6  7  8 |
---------------+-------------------------+-----
Dodging        | 3 5 6 8 9 |  9.1
Unarmed Combat | 5 8 10 12 13 14 | 14.0
Transmutations | 3 5 6 8 9 |  9.3
Spellcasting   | 3 5 6 7 |  7.2
Stealth        | 2 3 4 |  4.3
Fighting       | 2 |  2.1

Action                   |  1- 3 |  4- 6 |  7- 9 || total
-------------------------+-------+-------+-------++-------
Melee: Unarmed           |     6 |    11 |    12 ||    29
       Headbutt          |     2 |       |       ||     2
 Cast: Beastly Appendage |     1 |       |       ||     1
       Spider Form       |     1 |       |       ||     1
       Wereblood         |     1 |       |       ||     1
       Ice Form          |       |     1 |     1 ||     2
       Hydra Form        |       |     1 |       ||     1
  Use: Potion            |     1 |       |     1 ||     2
 Stab: Sleeping          |       |     2 |       ||     2
Armor: Skin              |       |     1 |     2 ||     3
Dodge: Dodged            |     2 |     3 |    10 ||    15

Table legend: (Time is in decaauts)
 A = Elapsed time spent in this place.
 B = Non-inter-level travel time spent in this place.
 C = Inter-level travel time spent in this place.
 D = Time resting spent in this place.
 E = Time spent auto-exploring this place.
 F = Levels seen in this place.
 G = Mean time per level.
                   A        B        C        D        E       F      G
               +--------+--------+--------+--------+--------+-----+--------+
         Total |    393 |    393 |      0 |    215 |      0 |   1 |  393.0 |
       Dungeon |    393 |    393 |      0 |    215 |      0 |   1 |  393.0 |
               +--------+--------+--------+--------+--------+-----+--------+

Top non-repeatable levels by time:
       D: 393 daAuts
